 Dungeon Crawl Stone Soup version 0.27-a0-1242-ge70438ac7b (webtiles) character file.

Game seed: 501311561914674143

55387 Glokmah the Tainter (level 14, -15/97 HPs)
             Began as a Demonspawn Venom Mage on June 9, 2021.
             Was the Champion of Hepliaklqana.
             Killed from afar by a smoke demon (23 damage)
             ... with a ball of steam
             ... on level 6 of the Lair of Beasts.
             The game lasted 00:58:49 (22070 turns).

Glokmah the Tainter (Demonspawn Venom Mage)        Turns: 22070, Time: 00:58:49

Health: -15/97     AC: 10    Str:  9    XL:     14   Next: 38%
Magic:  11/26      EV: 12    Int: 27    God:    Hepliaklqana [******]
Gold:   970        SH:  7    Dex: 22    Spells: 6/30 levels left

rFire    . . .     SeeInvis .   b - +6 rapier of War {speed, Int+8}
rCold    . . .     Faith    .   O - +1 buckler
rNeg     . . .     Spirit   .   k - +2 robe {Will+}
rPois    .         Reflect  .   f - +1 helmet
rElec    .         Harm     .   F - scarf {+Inv}
rCorr    .         Rampage  .   (gloves unavailable)
Will     +++..                  (no boots)
Stlth    ++........             o - amulet of magic regeneration
HPRegen  0.26/turn              E - ring of willpower
MPRegen  0.65/turn              U - +6 ring of dexterity

@: mighty, studying Armour
A: reduced essence, claws 3, icy blue scales 2, powered by pain 2, magic
regeneration
a: Renounce Religion, Evoke Invisibility, Recall Ancestor, Ancestor Identity,
Transference, Idealise


You were on level 6 of the Lair of Beasts.
You worshipped Hepliaklqana.
Hepliaklqana was exalted by your worship.
You visited 2 branches of the dungeon, and saw 15 of its levels.
You also visited: Gauntlet.

You collected 970 gold pieces.

Inventory:

Hand Weapons
 a - a +3 vorpal spear
 b - the +6 rapier of War (weapon) {speed, Int+8}
   (You took it off a minotaur in a Gauntlet)

   Attacks with this weapon are significantly faster.
   It affects your intelligence (+8).
 L - the +10 flail of Truth {vorpal, *Slow Will+++ MP-9 Dex+10}
   (You found it on level 1 of the Lair of Beasts)

   It inflicts extra damage upon your enemies.
   It affects your dexterity (+10).
   It affects your magic capacity (-9).
   It may slow you when you take damage.
   It greatly increases your willpower.
Missiles
 n - 16 atropa-tipped darts
 s - 15 boomerangs (quivered)
 x - 47 poisoned darts
 B - 6 throwing nets
 I - 11 javelins
Armour
 f - a +1 helmet (worn)
 k - a +2 robe of willpower (worn)
 u - a +2 leather armour of positive energy
 w - a +3 ring mail of fire resistance
 F - a scarf of invisibility (worn)
 O - a +1 buckler (worn)
 R - the +0 fire dragon scales of a wizard's laboratory {Harm rF++ rC- Dex+5}
   (You found it in a Gauntlet)

   It affects your dexterity (+5).
   It greatly protects you from fire.
   It makes you vulnerable to cold.
   It increases damage dealt and taken.
Jewellery
 i - a ring of ice
 o - an amulet of magic regeneration (around neck)
 E - a ring of willpower (left claw)
 H - an amulet of reflection
 U - a +6 ring of dexterity (right claw)
 W - a ring of willpower
 Y - a +6 ring of dexterity
Wands
 q - a wand of iceblast (17)
 r - a wand of acid (3)
 y - a wand of mindburst (8)
 G - a wand of paralysis (10)
 N - a wand of digging (6)
 Q - a wand of charming (9)
 S - a wand of flame (35)
Scrolls
 c - 8 scrolls of teleportation
 d - 4 scrolls of immolation
 m - 4 scrolls of blinking
 D - 3 scrolls of magic mapping
 P - 2 scrolls of amnesia
 X - a scroll of enchant weapon
 Z - a scroll of identify
Potions
 e - 3 potions of heal wounds
 g - 4 potions of lignification
 h - a potion of flight
 j - 5 potions of attraction
 l - a potion of curing
 p - a potion of invisibility
 t - 3 potions of berserk rage
 v - 4 potions of brilliance
 z - a potion of ambrosia
 A - a potion of magic
 C - a potion of might
 J - 2 potions of mutation
 K - a potion of haste {unknown}
 T - a potion of resistance
Miscellaneous
 M - a phial of floods
 V - a phial of floods


   Skills:
 + Level 9.2 Fighting
 + Level 7.5 Armour
 - Level 1.7 Dodging
 - Level 1.7 Stealth
 - Level 4.0 Shields
 + Level 8.8 Spellcasting
 + Level 9.1 Conjurations
 - Level 2.0 Hexes
 - Level 5.1 Transmutations
 - Level 5.6 Fire Magic
 * Level 8.5 Air Magic
 - Level 10.0 Poison Magic
 + Level 9.9 Invocations
 - Level 7.0 Evocations


You had 6 spell levels left.
You knew the following spells:

 Your Spells              Type           Power      Damage    Failure   Level
a - Sting                 Tmut/Pois      100%       1d8       1%          1
b - Poisonous Vapours     Pois/Air       100%       N/A       1%          2
c - Ignite Poison         Fire/Tmut/Pois 49%        N/A       1%          3
d - Mephitic Cloud        Conj/Pois/Air  58%        N/A       1%          3
e - Olgreb's Toxic Radia  Pois           60%        N/A       1%          4
f - Swiftness             Air            55%        N/A       1%          3
g - Inner Flame           Hex/Fire       32%        N/A       3%          3
h - Lightning Bolt        Conj/Air       28%        1d44      3%          5

Your spell library contained the following spells:

 Spells                   Type           Power      Damage    Failure   Level
 Foxfire                  Conj/Fire      100%       2x1d9     1%          1
 Shock                    Conj/Air       100%       1d9       1%          1
 Static Discharge         Conj/Air       56%        N/A       1%          2
 Conjure Flame            Conj/Fire      51%        6-21      1%          3
 Airstrike                Air            27%        N/A       1%          4
 Sticky Flame             Conj/Fire      51%        2d7       2%          4
 Confusing Touch          Hex            22%        N/A       6%          3
 Fireball                 Conj/Fire      25%        3d11      6%          5
 Gell's Gravitas          Tloc           5%         N/A       14%         3
 Petrify                  Tmut/Erth      25%        N/A       17%         4
 Yara's Violent Unravell  Hex/Tmut       15%        3d8       30%         5
 Metabolic Englaciation   Hex/Ice        8%         N/A       65%         5
 Ignition                 Fire           21%        3d8       100%        8
 Shatter                  Erth           5%         3d8*      100%        9
 Tornado                  Air            27%        N/A       100%        9


Dungeon Overview and Level Annotations

Branches:
Dungeon (9/15)             Temple (0/1) D:7            Lair (6/6) D:9
 Shoals (0/4) Lair:2        Snake (0/4) Lair:2        Slime (0/5) Lair:5
Gauntlet (visited)
    Orc: D:9-12

Altars:
Cheibriados
Hepliaklqana
Kikubaaqudgha
Makhleb
Nemelex Xobeh
Qazlal
Xom
Yredelemnul

Shops:
D:2 (   D:4 *   D:7 *

Annotations:
D:9 1 runed translucent door


Innate Abilities, Weirdness & Mutations

Your life essence is reduced to manifest your ancestor. (-10% HP)
You have claws for hands.
You are mostly covered in icy blue scales. (AC +3)
You sometimes gain power by taking damage.
You regenerate magic rapidly.


Message History

You feel your power returning.
Decima hits the sun demon with a +0 dagger of draining.
You hit the sun demon but do no damage.
The sun demon is severely wounded.
The sun demon hits you but does no damage.
Decima hits the sun demon with a +0 dagger of draining.
You hit the sun demon but do no damage.
The sun demon is severely wounded.
The sun demon hits you!!
You are engulfed in flames!
* * * LOW HITPOINT WARNING * * *
You focus on the pain.
You feel very mighty all of a sudden.
A smoke demon comes into view.
Casting: Lightning Bolt (dangerous; 3% risk of failure)
Confirm with . or Enter, or press ? or * to list all spells.
Aiming: Lightning Bolt (dangerous; 3% risk of failure)
Press: ? - help, Shift-Dir - straight line You hear a mighty clap of thunder!
The bolt of lightning hits the sun demon.
The sun demon resists.
The sun demon is almost dead.
The bolt of lightning hits the sun demon.
The sun demon resists.
The sun demon is almost dead.
Decima hits the sun demon but does no damage.
The sun demon closely misses Decima.
The smoke demon gestures at you. Something smites you!
* * * LOW HITPOINT WARNING * * *
Casting: Lightning Bolt (dangerous; 3% risk of failure)
Confirm with . or Enter, or press ? or * to list all spells.
Aiming: Lightning Bolt (dangerous; 3% risk of failure)
Press: ? - help, Shift-Dir - straight line You hear a mighty clap of thunder!
The bolt of lightning hits the sun demon!
The sun demon resists.
You kill the sun demon!
The smoke demon gestures at you. The ball of steam hits you!!
You die...

♣♣.......♣♣♣ ♣....♣ ♣♣.♣♣.♣♣♣
######''#######
♣♣♣♣♣'#########.............#
♣#.)......#...8....8....#
#..8.8...'.............#
#...#.8..############### ♣
#..#.8...#....... ♣
#...8.#..#....... ♣
#..8.#..R@§..._.. ♣
#...8.8..#.§§....
#........#..§§3≈≈
#############≈§≈≈ §≈≈ ##


You could see the friendly Decima the hexer.

Vanquished Creatures
  A dire elephant (Lair:6)
  A minotaur (Gauntlet)
  Harold (D:7)
  A great orb of eyes (Gauntlet)
  7 hydras
  A boulder beetle (Lair:3)
  A catoblepas (Lair:5)
  5 death yaks
  A sun demon (Lair:6)
  A lindwurm (Lair:3)
  2 wizards
  An ugly thing (Gauntlet)
  6 elephants (Lair:5)
  A merfolk siren (Lair:2)
  A moth of wrath (Gauntlet)
  7 black mambas
  3 orange demons (Lair:6)
  A torpor snail (Lair:3)
  7 cane toads
  12 komodo dragons
  A rime drake (Lair:6)
  2 ice devils (Lair:6)
  A merfolk (Lair:2)
  3 polar bears
  22 blink frogs
  A hornet (Lair:5)
  8 dream sheep
  6 spriggans (Lair:6)
  2 wyverns
  50 yaks
  2 steam dragons (D:9)
  Eustachio (D:4)
  Edmund (D:5)
  2 swamp worms (Gauntlet)
  4 hell hounds (Lair:6)
  12 water moccasins
  An orc warrior (D:9)
  2 hornet zombies
  3 black bears
  4 necrophages
  6 ogres
  17 wolves
  3 centaurs
  A phantom (D:6)
  16 bullfrogs
  A wyvern zombie (D:8)
  5 scorpions
  A wyvern skeleton (D:7)
  3 killer bees (D:9)
  3 wights
  6 howler monkeys
  2 electric eels
  2 hexers (Lair:3)
  3 centaur zombies (D:8)
  3 hounds
  2 orc priests
  5 jellies
  A bullfrog zombie (D:5)
  4 iguanas
  A bullfrog skeleton (D:6)
  A gnoll shaman (D:6)
  3 centaur skeletons (D:6)
  A hell rat (D:9)
  5 orc wizards
  A howler monkey zombie (D:7)
  4 adders
  16 gnolls
  A shadow imp (D:8)
  A white imp (D:6)
  A worm (D:2)
  3 dart slugs
  18 orcs
  6 endoplasms
  2 giant cockroaches (D:1)
  44 goblins
  33 hobgoblins
  5 quokkas
  7 ball pythons
  6 bats
  A frilled lizard (D:2)
  A goblin zombie (D:9)
  A jackal skeleton (D:9)
  20 kobolds
  A kobold zombie (D:9)
  7 rats
463 creatures vanquished.

Vanquished Creatures (collateral kills)
  Kirke (Lair:5)
  2 death yaks
  An ugly thing (Gauntlet)
  A rime drake (Lair:6)
  A komodo dragon (Lair:5)
  A hornet (Lair:3)
  A yak (D:9)
  5 water moccasins
  A hornet zombie (D:6)
  3 wolves
  2 necrophages (D:8)
  A sky beast (D:6)
  A kobold brigand (D:9)
  A bullfrog (Lair:4)
  A human zombie (D:8)
  Robin (D:4)
  A gnoll (D:2)
  A howler monkey zombie (D:8)
  An adder skeleton (D:4)
  An orc (D:6)
  6 endoplasms
  5 hobgoblins
  A kobold (D:2)
40 creatures vanquished.

Vanquished Creatures (others)
  2 humans (Lair:5)
  6 hexers
  3 ancestors
  37 fungi
  76 plants
124 creatures vanquished.

Grand Total: 627 creatures vanquished

Notes
Turn   | Place    | Note
-------+----------+-------------------------------------------
     0 | D:1      | Glokmah the Demonspawn Venom Mage began the quest for the
                  | Orb.
     0 | D:1      | Reached XP level 1. HP: 13/13 MP: 3/3
   113 | D:1      | Reached skill level 1 in Transmutations
   253 | D:1      | Gained mutation: You have sharp fingernails. [demonic
                  | ancestry]
   253 | D:1      | Reached XP level 2. HP: 14/20 MP: 3/5
   568 | D:1      | Learned a level 2 spell: Poisonous Vapours
   622 | D:1      | Found a faded altar of an unknown god.
   631 | D:1      | Became a worshipper of Hepliaklqana the Forgotten
   631 | D:1      | Reached * piety under Hepliaklqana
  1081 | D:1      | Reached XP level 3. HP: 22/22 MP: 6/6
  1181 | D:1      | Learned a level 3 spell: Ignite Poison
  1219 | D:2      | Reached skill level 1 in Fighting
  1306 | D:2      | Found Amosso's Weapon Emporium.
  1858 | D:1      | Gained mutation: You are partially covered in icy blue
                  | scales. (AC +2) [demonic ancestry]
  1858 | D:1      | Reached XP level 4. HP: 15/28 MP: 0/7
  2007 | D:2      | Reached skill level 1 in Air Magic
  3002 | D:3      | Reached skill level 4 in Poison Magic
  3002 | D:3      | Gained mutation: You sometimes gain a little power by
                  | taking damage. [demonic ancestry]
  3002 | D:3      | Reached XP level 5. HP: 33/33 MP: 3/9
  3091 | D:3      | Reached skill level 1 in Fire Magic
  3173 | D:3      | Learned a level 3 spell: Mephitic Cloud
  3586 | D:4      | Found Cias's Assorted Antiques.
  3591 | D:4      | Reached XP level 6. HP: 20/39 MP: 4/10
  3764 | D:4      | Noticed Eustachio
  3773 | D:4      | Killed Eustachio
  3774 | D:4      | Reached skill level 1 in Conjurations
  3817 | D:4      | Reached ** piety under Hepliaklqana
  3821 | D:4      | Remembered your ancestor Decima as a hexer
  4218 | D:4      | Noticed Robin
  4332 | D:4      | Reached skill level 5 in Poison Magic
  4332 | D:4      | Gained mutation: You regenerate magic rapidly. [demonic
                  | ancestry]
  4332 | D:4      | Reached XP level 7. HP: 28/45 MP: 2/11
  4556 | D:4      | Killed Robin
  4604 | D:4      | You fall into a shaft and drop 2 floors!
  4981 | D:5      | Entered Level 5 of the Dungeon
  4992 | D:5      | Gained mutation: You have very sharp fingernails. [demonic
                  | ancestry]
  4992 | D:5      | Reached XP level 8. HP: 52/52 MP: 5/13
  4997 | D:5      | Learned a level 4 spell: Olgreb's Toxic Radiance
  5104 | D:5      | Reached skill level 6 in Poison Magic
  6140 | D:5      | Reached *** piety under Hepliaklqana
  6353 | D:5      | Found a snail-covered altar of Cheibriados.
  6561 | D:5      | Noticed Edmund
  6566 | D:5      | Killed Edmund
  6567 | D:5      | Reached skill level 7 in Poison Magic
  6906 | D:5      | Found a shimmering altar of Xom.
  7083 | D:6      | Reached XP level 9. HP: 58/58 MP: 8/15
  7091 | D:6      | Learned a level 3 spell: Swiftness
  7642 | D:6      | Reached **** piety under Hepliaklqana
  7949 | D:6      | Reached skill level 5 in Spellcasting
  8158 | D:7      | Noticed Harold
  8166 | D:7      | Killed Harold
  8167 | D:7      | Reached skill level 5 in Fighting
  8167 | D:7      | Reached skill level 8 in Poison Magic
  8616 | D:7      | Found a staircase to the Ecumenical Temple.
  8676 | D:7      | Found Pieh's Lightly-Used Armoury.
  8959 | D:7      | Gained mutation: You sometimes gain power by taking damage.
                  | [demonic ancestry]
  8959 | D:7      | Reached XP level 10. HP: 66/66 MP: 11/17
  9151 | D:8      | Noticed a wizard
  9160 | D:8      | Killed a wizard
  9161 | D:8      | Reached skill level 5 in Transmutations
  9630 | D:8      | Reached skill level 5 in Conjurations
  9700 | D:8      | Found an ancient bone altar of Kikubaaqudgha.
 10217 | D:8      | Learned a level 3 spell: Inner Flame
 10480 | D:9      | Reached skill level 9 in Poison Magic
 10615 | D:9      | Reached ***** piety under Hepliaklqana
 10630 | D:9      | Reached skill level 1 in Evocations
 10672 | D:9      | Noticed a death yak
 10676 | D:9      | Noticed a death yak
 10680 | D:9      | Killed a death yak
 10684 | D:9      | Killed a death yak
 10684 | D:9      | Noticed a death yak
 10716 | D:9      | Killed a death yak
 10717 | D:9      | Gained mutation: You are mostly covered in icy blue scales.
                  | (AC +3) [demonic ancestry]
 10717 | D:9      | Reached XP level 11. HP: 26/72 MP: 6/20
 10930 | D:9      | Found a staircase to the Lair.
 11058 | D:9      | Found a runed translucent door.
 11063 | D:9      | Found a basalt altar of Yredelemnul.
 11064 | D:9      | Found a stormy altar of Qazlal.
 11079 | D:9      | Found a sparkling altar of Nemelex Xobeh.
 11612 | Lair:1   | Entered Level 1 of the Lair of Beasts
 11722 | Lair:1   | Identified the +10 flail of Truth {vorpal, *Slow Will+++
                  | MP-9 Dex+10}
 11866 | Lair:1   | Reached skill level 5 in Invocations
 12248 | Lair:1   | Noticed an eight-headed hydra
 12271 | Lair:1   | Killed an eight-headed hydra
 12272 | Lair:1   | Reached skill level 5 in Air Magic
 12274 | Lair:1   | Reached skill level 1 in Armour
 12274 | Lair:1   | Reached skill level 1 in Hexes
 12291 | Lair:1   | HP: 3/74 [poisoned by a water moccasin]
 12293 | Lair:1   | HP: 1/74 [poisoned by a water moccasin]
 13016 | Lair:2   | Reached skill level 10 in Poison Magic
 13420 | Lair:2   | Reached skill level 5 in Fire Magic
 13688 | Lair:2   | Found a staircase to the Snake Pit.
 13962 | Lair:2   | Reached XP level 12. HP: 56/81 MP: 19/22
 14320 | Lair:2   | Found a staircase to the Shoals.
 14589 | Lair:3   | Found a gate leading to a gauntlet.
 14596 | Gauntlet | Entered a Gauntlet
 14596 | Gauntlet | Found a transporter.
 14596 | Gauntlet | Found a transporter.
 14874 | Gauntlet | Found a runed translucent door.
 14877 | Gauntlet | Found a transporter.
 14879 | Gauntlet | Found a transporter.
 14887 | Gauntlet | Found a transporter.
 14891 | Gauntlet | Found a transporter.
 14895 | Gauntlet | Noticed a dire elephant
 14900 | Gauntlet | Found a transporter.
 14913 | Gauntlet | Found a runed translucent door.
 14916 | Gauntlet | Found a transporter.
 14918 | Gauntlet | Found a runed translucent door.
 14919 | Gauntlet | Noticed a great orb of eyes
 14930 | Gauntlet | Found a transporter.
 14934 | Gauntlet | Found a transporter.
 14942 | Gauntlet | Found a transporter.
 14946 | Gauntlet | Found a transporter.
 14973 | Gauntlet | Reached ****** piety under Hepliaklqana
 15101 | Gauntlet | Learned a level 5 spell: Lightning Bolt
 15450 | Gauntlet | Identified the +0 leather armour of Responsibility {Str+3
                  | Slay+5}
 15573 | Gauntlet | Killed a great orb of eyes
 15786 | Gauntlet | Identified the +6 rapier of War {speed, Int+8}
 15786 | Gauntlet | Noticed a minotaur
 15793 | Gauntlet | Killed a minotaur
 16028 | Gauntlet | Identified the +0 fire dragon scales of a wizard's
                  | laboratory {Harm rF++ rC- Dex+5}
 16250 | Lair:3   | Noticed a boulder beetle
 16255 | Lair:3   | Killed a boulder beetle
 16256 | Lair:3   | Reached skill level 1 in Shields
 16260 | Lair:3   | Reached skill level 5 in Evocations
 16975 | Lair:3   | Paralysed by a hornet for 2 turns
 16978 | Lair:3   | Paralysed by a hornet for 2 turns
 17059 | Lair:3   | Noticed a six-headed hydra
 17065 | Lair:3   | Killed a six-headed hydra
 17066 | Lair:3   | Gained mutation: You have claws for hands. [demonic
                  | ancestry]
 17066 | Lair:3   | Reached XP level 13. HP: 45/88 MP: 14/24
 18298 | Lair:4   | Reached skill level 5 in Armour
 19087 | Lair:5   | Found a staircase to the Slime Pits.
 19737 | Lair:5   | Noticed Kirke
 19741 | Lair:5   | Killed Kirke
 20072 | Lair:6   | Entered Level 6 of the Lair of Beasts
 20778 | Lair:6   | Reached XP level 14. HP: 94/95 MP: 19/26
 21311 | Lair:6   | Identified the +5 ring mail of Understanding {Harm rCorr}
 22058 | Lair:6   | Found a burning altar of Makhleb.
 22070 | Lair:6   | Killed from afar by a smoke demon

Illustrated notes

Levels and vault maps discovered:
D:1:      scummos_arrival_checkerplants, layout_basic,
          hellmonk_ecumenical_altar_blasted, hangedman_feature_mirror
D:2:      layout_rooms, serial_shops, nicolae_shop_behind_doors
D:3:      layout_rooms
D:4:      minmay_goblin_kobold_castle, layout_rooms, serial_shops,
          shop_fountains, uniq_robin, uniq_eustachio
D:5:      layout_basic, lemuel_doored_altar, tgw_xom, uniq_edmund
D:6:      kennysheep_six_static_rooms, layout_loops_ring
D:7:      layout_basic, minmay_temple_entry_drinking_statues,
          minmay_shop_damaged, uniq_harold
D:8:      cheibrodos_wizards_tower, layout_basic,
          lemuel_mausoleum_altar_kikubaaqudgha
D:9:      layout_long_grid, nicolae_overflow_hidden_temple,
          dk_yredelemnul_ordeal, lemuel_round_altar, dpeg_lair_monsters,
          minmay_misc_feat_rows
Lair:1:   layout_gridlike, lemuel_fruit_tree
Lair:2:   layout_regular_city, elwin_shoals_entry_rooms, dummy_snake_entry,
          serial_bayou_crossing, grunt_megastairs_1
Lair:3:   cheibrodos_lair_overgrown_chateau, layout_regular_city,
          gauntlet_entry_generic, nzn_sisyphean_effort
Lair:4:   layout_cave_pods
Lair:5:   layout_cave_pods, nicolae_slime_entry_slimehenge, uniq_kirke
Lair:6:   evil_forest, layout_concentric_octagons, wad_woods_01

Skill      XL: |  1  2  3  4  5  6  7  8  9 10 11 12 13 14 |
---------------+-------------------------------------------+-----
Transmutations | 1 2 3 4 5 |  5.1
Fighting       | 1 2 3 4 5 6 7 8 9 |  9.2
Air Magic      | 1 2 3 4 5 6 7 8 |  8.5
Poison Magic   | 4 5 7 8 9 10 | 10.0
Fire Magic     | 1 2 4 5 |  5.6
Spellcasting   | 3 4 5 6 7 8 |  8.8
Conjurations   | 1 2 3 4 5 6 7 8 9 |  9.1
Invocations    | 2 4 6 8 9 |  9.9
Evocations     | 2 3 5 6 7 |  7.0
Armour         | 2 4 6 7 |  7.5
Hexes          | 2 |  2.0
Shields        | 2 3 4 |  4.0
Dodging        | |  1.7
Stealth        | |  1.7

Action                   |  1- 3 |  4- 6 |  7- 9 | 10-12 | 13-15 || total
-------------------------+-------+-------+-------+-------+-------++-------
Melee: Unarmed           |     9 |       |       |       |       ||     9
       Club              |    21 |       |       |       |       ||    21
       Dagger            |    19 |       |       |       |       ||    19
       Spear             |     7 |    38 |    73 |    89 |       ||   207
       Rapier            |       |       |       |     5 |    55 ||    60
Throw: Boomerang         |       |       |       |     9 |       ||     9
 Cast: Sting             |    48 |    30 |    32 |    41 |    18 ||   169
       Poisonous Vapours |    10 |    38 |    63 |    83 |    62 ||   256
       Ignite Poison     |       |     4 |    46 |    78 |    52 ||   180
       Mephitic Cloud    |       |     2 |    18 |    20 |       ||    40
       Olgreb's Toxic Ra |       |       |    19 |    39 |    34 ||    92
       Inner Flame       |       |       |       |     5 |     6 ||    11
       Swiftness         |       |       |       |     1 |       ||     1
       Lightning Bolt    |       |       |       |    13 |    58 ||    71
Invok: Recall Ancestor   |       |     2 |     1 |     1 |       ||     4
       Ancestor Life: He |       |     1 |       |       |       ||     1
Evoke: Wand              |       |       |     1 |     1 |       ||     2
  Use: Scroll            |       |     7 |       |    14 |     5 ||    26
       Potion            |       |       |       |     4 |       ||     4
 Stab: Sleeping          |     2 |     1 |     1 |     4 |       ||     8
       Distracted        |       |       |     1 |     4 |       ||     5
       Confused          |       |       |     2 |     1 |     2 ||     5
Armor: Robe              |    15 |    22 |    21 |    45 |    19 ||   122
Dodge: Dodged            |    57 |    51 |    43 |    79 |    50 ||   280
Block: Buckler           |       |       |       |       |    15 ||    15

Table legend: (Time is in decaauts)
 A = Elapsed time spent in this place.
 B = Non-inter-level travel time spent in this place.
 C = Inter-level travel time spent in this place.
 D = Time resting spent in this place.
 E = Time spent auto-exploring this place.
 F = Levels seen in this place.
 G = Mean time per level.
                   A        B        C        D        E       F      G
               +--------+--------+--------+--------+--------+-----+--------+
         Total |  22147 |  21169 |    978 |   6219 |  11735 |  16 | 1384.2 |
       Dungeon |  11662 |  11009 |    653 |   3017 |   6168 |   9 | 1295.8 |
          Lair |   8985 |   8660 |    325 |   2148 |   5399 |   6 | 1497.5 |
      Gauntlet |   1498 |   1498 |      0 |   1054 |    168 |   1 | 1498.0 |
               +--------+--------+--------+--------+--------+-----+--------+

Top non-repeatable levels by time:
  Lair:3: 1693 daAuts
     D:4: 1661 daAuts
  Lair:6: 1633 daAuts
     D:2: 1586 daAuts
Gauntlet: 1498 daAuts
  Lair:2: 1488 daAuts
  Lair:1: 1424 daAuts
     D:6: 1421 daAuts
  Lair:5: 1399 daAuts
     D:8: 1360 daAuts
     D:1: 1353 daAuts
  Lair:4: 1347 daAuts
     D:5: 1228 daAuts
     D:9: 1147 daAuts
     D:7: 1014 daAuts
